 Dungeon Crawl Stone Soup version 0.29-a0-275-g389c0b56f3 (webtiles) character file.

Game seed: 6358447394571955701

186 spaghetti the Magician (level 5, 0/31 HPs)
             Began as an Octopode Hedge Wizard on Mar 12, 2022.
             Slain by a gnoll
             ... wielding a +0 spear
              (10 damage)
             ... on level 3 of the Dungeon.
             The game lasted 00:04:09 (2955 turns).

spaghetti the Magician (Octopode Hedge Wizard)      Turns: 2955, Time: 00:04:10

Health: 0/31       AC:  1    Str:  9    XL:     5   Next: 66%
Magic:  10/12      EV: 13    Int: 19    God:
Gold:   203        SH:  0    Dex: 11    Spells: 3/13 levels left

rFire   . . .      SeeInvis .   a - +1 dagger (speed) {short}
rCold   . . .      Faith    .   (no shield)
rNeg    . . .      Spirit   .   (helmet restricted)
rPois   .          Reflect  .   (no amulet)
rElec   .          Harm     .   (no ring)
rCorr   .          Rampage  .   (no ring)
Will    .....                   (no ring)
Stlth   +++.......              (no ring)
HPRegen 0.10/turn               (no ring)
MPRegen 0.13/turn               (no ring)
                                (no ring)
                                (no ring)

@: brilliant
A: almost no armour, amphibious, 8 rings, camouflage 1, gelatinous body 1,
(nimble swimmer 1), tentacles
a: no special abilities


You were on level 3 of the Dungeon.
You visited 1 branch of the dungeon, and saw 3 of its levels.

You collected 203 gold pieces.


Innate Abilities, Weirdness & Mutations

You cannot wear most types of armour.
You are amphibious.
You can wear up to eight rings at the same time.
Your skin changes colour to match your surroundings (Stealth+).
Your rubbery body absorbs attacks. (AC +1, EV +1)
((You are camouflaged when in or above water. (Stealth+)))
You have tentacles for arms and can constrict up to eight enemies at once.


   Skills:
 - Level 2.0 Dodging
 - Level 2.6 Stealth
 + Level 4.9 Spellcasting
 + Level 1.8 Conjurations
 - Level 1.0 Summonings
 - Level 1.0 Translocations
 + Level 0.9 Fire Magic
 + Level 1.2 Air Magic
 + Level 1.6 Poison Magic


You had 3 spell levels left.
You knew the following spells:

 Your Spells              Type           Power      Damage    Failure   Level
a - Magic Dart            Conj           68%        1d6       6%          1
b - Call Imp              Summ           12%        N/A       12%         2
c - Mephitic Cloud        Conj/Pois/Air  16%        N/A       21%         3
d - Sticky Flame          Conj/Fire      15%        2d4       56%         4

Your spell library contained the following spells:

 Spells                   Type           Power      Damage    Failure   Level
 Blink                    Tloc           24%        N/A       12%         2
 Slow                     Hex            28%        N/A       13%         1
 Conjure Flame            Conj/Fire      15%        6-21      22%         3
 Ignite Poison            Fire/Tmut/Pois 11%        N/A       26%         3

Inventory:

Hand Weapons
 a - a +1 dagger of speed (weapon) {short}
   (You took it off a kobold on level 2 of the Dungeon)
 b - a +0 longbow {bow}
   (You found it on level 3 of the Dungeon)
 f - a +0 vorpal spear {polearm}
   (You found it on level 1 of the Dungeon)
 o - a +0 dagger {short}
Missiles
 d - 31 stones {throwing}
Armour
 i - a +2 hat
   (You found it on level 2 of the Dungeon)
 p - a +1 hat
Scrolls
 e - a scroll of enchant armour
 h - a scroll of fear
 l - a scroll of noise {!r}
Potions
 c - a potion of magic
 g - 2 potions of curing {@q1}
 k - a potion of heal wounds {unknown}
 m - 2 potions of degeneration {unknown}
 n - a potion of resistance {unknown}

Dungeon Overview and Level Annotations

Branches:
Dungeon (3/15)

Altars:

Annotations:
D:3 Jessica

#.###.##
#........
#.###..##
###.<.
#......≈##
#...# ##
#####.≈..#
#.... ..
#.≈.≈#
#..## #.
#.#.≈#
#..## ..
#.#≈≈#
#≈.#..##
#.##.#≈≈#
#≈≈#..#
#@g@)#≈≈#
#≈≈#..#
#.##.#.≈#
#≈≈#..# ..
#.#≈≈#
#≈≈#..##
#. #.#
#≈≈#.... #
#.#
###.≈≈....
#..
#.##≈.....
###
#.........
#.#####.##
#.# #.#


You could see a gnoll and Jessica.


Message History

The scorpion barely misses you.
You closely miss the scorpion. You grab the scorpion.
You constrict the scorpion, but do no damage.
The scorpion barely misses you.
You hit the scorpion but do no damage. You squeeze the scorpion.
You constrict the scorpion, but do no damage.
You hit the scorpion.
You constrict the scorpion, but do no damage.
The scorpion stings you. 😕 HP[-6]
You take 6 damage, and now have 21/27 hp.
MASSIVE DAMAGE!! (PAUSE)
You hit the scorpion but do no damage.
You constrict the scorpion, but do no damage.
The scorpion barely misses you.
You hit the scorpion but do no damage.
You constrict the scorpion, but do no damage.
The scorpion barely misses you.
You hit the scorpion but do no damage. You squeeze the scorpion.
You kill the scorpion!
Your Air Magic skill increases to level 1!
Your Poison Magic skill increases to level 1!
You have reached level 5!
You feel clever. 😕 HP[+3] MP[+2]
You now have 31 max hp (+4).
You regained 3 hp, and now have 24/31 hp.
Your mp is fully restored (12).
b - a +0 longbow (weapon)
{bow} You hear the quick rusting of a drain very nearby.
You see here a +0 hand axe {axe}.
You hear the quick rusting of a drain nearby.
A giant cockroach comes into view. 😎 HP[+7]
Your hp is fully restored (31).
Okay, then.
You shoot an arrow. The arrow hits the giant cockroach!
You kill the giant cockroach! 3 gnolls come into view.
The gnoll shouts!
You hear a shout! x2
The gnoll moves out of view.
The gnoll shouts!
There are monsters nearby!
There are monsters nearby!
You shoot an arrow. The arrow hits the gnoll.
A goblin comes into view. It is wielding a +0 club.
You shoot an arrow. The arrow hits the gnoll.
Your tentacles tingle!
a - a +1 dagger of speed (weapon)
{short} You hit the gnoll.
Your grab misses the gnoll. You hit the gnoll. You grab the gnoll.
You constrict the gnoll, but do no damage.
The gnoll hits you with a +0 flail. 😕 HP[-6]
You take 6 damage, and now have 25/31 hp.
You hit the gnoll but do no damage. You squeeze the gnoll.
You kill the gnoll!
The gnoll barely misses you.
You hit the gnoll. Your grab misses the gnoll. Your squeeze misses the gnoll.
Unknown command.
You closely miss the gnoll. You grab the gnoll. You constrict the gnoll.
The gnoll barely misses you.
You hit the gnoll.
You constrict the gnoll, but do no damage.
The gnoll misses you.
You hit the gnoll. You constrict the gnoll. You hit the gnoll but do no damage.
You constrict the gnoll. The gnoll misses you.
You hit the gnoll. You constrict the gnoll. You hit the gnoll.
You kill the gnoll! 😕 HP[+1]
You hit the goblin.
You kill the goblin!
The magic dart hits the gnoll but does no damage. 😕 MP[-1]
You lost 1 mp, and now have 11/12 mp.
The magic dart hits the gnoll.
You hear a shout!
Jessica the Apprentice Sorceress comes into view.
She is wielding a +0 club and wearing a +2 robe of positive energy.
The gnoll hits you from afar with a +0 spear! 😮 HP[-9] MP[-1]
You take 9 damage, and now have 17/31 hp.
MASSIVE DAMAGE!! (PAUSE)
You lost 1 mp, and now have 10/12 mp.
The gnoll hits you with a +0 spear!
* * * LOW HITPOINT WARNING * * *
Items here: )) ††. 😨 HP[-7]
You take 7 damage, and now have 10/31 hp.
MASSIVE DAMAGE!! (PAUSE) It was a potion of curing.
You feel better.
You hear the rapid rusting of a drain very nearby.
The gnoll hits you with a +0 spear.
* * * LOW HITPOINT WARNING * * *
It was a potion of brilliance.
You feel clever all of a sudden.
Jessica mumbles something strange.
The gnoll hits you with a +0 spear!
You die...

Skill      XL: |  1  2  3  4 |
---------------+-------------+-----
Spellcasting   | 4 |  4.9
Air Magic      | 1 |  1.2
Poison Magic   | 1 |  1.6
Dodging        | |  2.0
Stealth        | |  2.6
Conjurations   | |  1.8
Summonings     | |  1.0
Translocations | |  1.0
Fire Magic     | |  0.9

Action                   |  1- 3 |  4- 6 || total
-------------------------+-------+-------++-------
Melee: Dagger            |    50 |    41 ||    91
       Tentacles         |    12 |     9 ||    21
       Constrict         |    12 |     8 ||    20
 Fire: Longbow           |       |    11 ||    11
 Cast: Magic Dart        |    72 |    22 ||    94
  Use: Scroll            |     4 |       ||     4
       Potion            |     1 |     2 ||     3
 Stab: Sleeping          |       |     1 ||     1
Armor: Skin              |     6 |     1 ||     7
Dodge: Dodged            |    32 |    16 ||    48

Levels and vault maps discovered:
D:1:      nicolae_arrival_memento_mori, layout_loops_ring,
          shapermc_ecumenical_altar_pompeii, minivault_26
D:2:      layout_loops_ring
D:3:      layout_loops_ring, gup_sewer_entry_pipe, kennysheep_donut,
          uniq_jessica, uniq_terence

Notes
Turn   | Place    | Note
-------+----------+-------------------------------------------
     0 | D:1      | spaghetti the Octopode Hedge Wizard began the quest for the
                  | Orb.
     0 | D:1      | Reached XP level 1. HP: 11/11 MP: 4/4
     0 | D:1      | magus.rc [v1.9.6]
    62 | D:1      | Reached XP level 2. HP: 13/17 MP: 1/6
   473 | D:1      | HP: 4/17 [jackal (1)]
   863 | D:1      | Reached XP level 3. HP: 21/21 MP: 6/8
   910 | D:1      | Reached skill level 4 in Spellcasting
  1174 | D:1      | Found a faded altar of an unknown god.
  1901 | D:2      | Reached XP level 4. HP: 27/27 MP: 3/10
  1911 | D:2      | Learned a level 2 spell: Call Imp
  2263 | D:2      | Learned a level 3 spell: Mephitic Cloud
  2683 | D:3      | You add the spells Ignite Poison and Sticky Flame to your
                  | library.
  2710 | D:3      | Learned a level 4 spell: Sticky Flame
  2811 | D:3      | Noticed a scorpion
  2823 | D:3      | Killed a scorpion
  2824 | D:3      | Reached skill level 1 in Air Magic
  2824 | D:3      | Reached skill level 1 in Poison Magic
  2824 | D:3      | Reached XP level 5. HP: 24/31 MP: 12/12
  2952 | D:3      | Noticed Jessica
  2955 | D:3      | Slain by a gnoll

Vanquished Creatures
  A scorpion (D:3)
  2 gnolls (D:3)
  3 adders
  An ufetubus (D:2)
  A worm (D:3)
  5 dart slugs
  5 ball pythons
  4 endoplasms
  4 giant cockroaches
  5 goblins
  2 hobgoblins
  3 jackals (D:1)
  11 kobolds
  4 quokkas
  7 bats
  2 frilled lizards
  4 rats
64 creatures vanquished.

Table legend:
 A = Non-vault XP
 B = Vault XP
 C = Vault XP percentage of total XP
 D = Non-vault monster count
 E = Vault monster count
 F = Vault count percentage of total count
                 A         B        C        D         E       F
            +---------+---------+-------+---------+---------+-------
      Total |     267 |       0 |   0.0 |      64 |       0 |   0.0
            +---------+---------+-------+---------+---------+-------
        D:1 |      58 |       0 |   0.0 |      33 |       0 |   0.0
        D:2 |      61 |       0 |   0.0 |      18 |       0 |   0.0
        D:3 |     148 |       0 |   0.0 |      13 |       0 |   0.0
            +---------+---------+-------+---------+---------+-------

Illustrated notes

Table legend:
 A = Kills in this place as a percentage of kills in entire the game.
 B = Kills by you in this place as a percentage of kills by you in the entire game.
 C = Kills by friends in this place as a percentage of kills by friends in the entire game.
 D = Other kills in this place as a percentage of other kills in the entire game.
 E = Experience gained in this place as a percentage of experience gained in the entire game.
 F = Experience gained in this place divided by the number of levels of this place that you have seen.
                   A       B       C       D       E      F
               +-------+-------+-------+-------+-------+----------------------
         Total | 100.0 | 100.0 |   N/A |   N/A | 100.0 |  89.0
       Dungeon | 100.0 | 100.0 |   N/A |   N/A | 100.0 |  89.0
               +-------+-------+-------+-------+-------+----------------------

Table legend: (Time is in decaauts)
 A = Elapsed time spent in this place.
 B = Non-inter-level travel time spent in this place.
 C = Inter-level travel time spent in this place.
 D = Time resting spent in this place.
 E = Time spent auto-exploring this place.
 F = Levels seen in this place.
 G = Mean time per level.
                   A        B        C        D        E       F      G
               +--------+--------+--------+--------+--------+-----+--------+
         Total |   2949 |   2919 |     30 |    330 |   2238 |   3 |  983.0 |
       Dungeon |   2949 |   2919 |     30 |    330 |   2238 |   3 |  983.0 |
               +--------+--------+--------+--------+--------+-----+--------+

Top non-repeatable levels by time:
     D:1: 1548 daAuts
     D:2: 792 daAuts
     D:3: 608 daAuts
